 Dungeon Crawl Stone Soup version 0.20.0-14-g326068f (webtiles) character file.

107 Chiseanne the Ducker (level 5, -13/36 HPs)
             Began as a Halfling Monk on June 9, 2017.
             Was a Believer of Okawaru.
             Mangled by an ogre
             ... wielding a +0 giant spiked club
              (20 damage)
             ... on level 5 of the Dungeon.
             The game lasted 00:05:34 (1976 turns).

Chiseanne the Ducker (Halfling Monk)                Turns: 1976, Time: 00:05:34

Health: -13/36     AC:  9    Str: 13    XL:     5   Next: 11%
Magic:  6/6        EV:  8    Int: 13    God:    Okawaru [**....]
Gold:   196        SH:  4    Dex: 17    Spells: 4/4 levels left

rFire    . . .     SeeInvis .   a - +2 hand axe (drain)
rCold    . . .     Gourm    .   b - +0 buckler
rNeg     . . .     Faith    .   q - -1 chain mail (curse)
rPois    .         Spirit   .   (no helmet)
rElec    .         Reflect  .   t - +0 cloak
rCorr    .         Harm     .   (no gloves)
MR       .....                  i - +0 pair of boots
Stlth    ..........             (no amulet)
Regen    0.2/turn               (no ring)
MPRegen  0.1/turn               (no ring)

@: brilliant
A: mutation resistance 1
a: Heroism, Renounce Religion


You were on level 5 of the Dungeon.
You worshipped Okawaru.
Okawaru was pleased with you.
You were hungry.

You visited 1 branch of the dungeon, and saw 5 of its levels.

You collected 196 gold pieces.

Inventory:

Hand Weapons
 a - a +2 hand axe of draining (weapon)
 u - a cursed -1 hand axe
Missiles
 e - 65 stones (quivered)
 h - 27 bolts
Armour
 b - a +0 buckler (worn)
 i - a +0 pair of boots (worn)
 q - a cursed -1 chain mail (worn)
 s - a +0 ring mail
 t - a +0 cloak (worn)
Jewellery
 n - an uncursed ring of ice {unknown}
Scrolls
 f - a scroll of teleportation
Potions
 j - a potion of agility {unknown}
 k - a potion of cancellation {unknown}
 l - a potion of brilliance
 o - a potion of heal wounds {unknown}
 p - a potion of curing {unknown}
 r - a potion of might {unknown}
Comestibles
 c - a bread ration
 d - 6 chunks of flesh
 g - a meat ration
 m - a royal jelly


   Skills:
 * Level 3.5 Fighting
   Level 3.0 Long Blades
 * Level 1.4 Axes
 * Level 0.4 Armour
 - Level 4.2 Dodging
 - Level 2.1 Stealth
 * Level 0.0 Shields
 * Level 1.5 Invocations


You had 4 spell levels left.
You didn't know any spells.

Dungeon Overview and Level Annotations

Branches:
Dungeon (5/15)
 Temple: D:4-7

Altars:
Nemelex Xobeh
Okawaru

Annotations:
D:2 Terence


Innate Abilities, Weirdness & Mutations

You are small and have problems with some larger weapons.
You are somewhat resistant to further mutation.


Message History

You closely miss the frilled lizard. The frilled lizard barely misses you.
You closely miss the frilled lizard.
The frilled lizard bites you but does no damage.
You hit the frilled lizard.
You kill the frilled lizard!
Okawaru accepts your kill.
You hear the slow rusting of a drain nearby.
You hit the ogre. You drain the ogre!
The ogre is moderately wounded.
The ogre hits you with a giant spiked club!
You hit the ogre.
The ogre is heavily wounded.
The ogre hits you with a giant spiked club!!
Ouch! That really hurt!
* * * LOW HITPOINT WARNING * * *
It was a potion of brilliance.
You feel clever all of a sudden.
The ogre hits you with a giant spiked club!!
Ouch! That really hurt!
You die...

.. ...... #........
......... ##.#.....
Y....... #.#O##.#
#l#.##.#
#...##.#########
###.#.....†O@..######
#....#.###.........
###...## #...#####
##.## #..######.# #.#
#.........# # #>#
##.#####..#.#
########.# ..#.
#......## ...
#####...### #.#


You could see an ogre.

Vanquished Creatures
  3 adders
  An ooze (D:2)
  An adder skeleton (D:4)
  4 worms
  A dart slug (D:2)
  2 leopard geckos
  4 orcs
  7 bats
  2 giant cockroaches (D:2)
  4 goblins
  5 hobgoblins
  2 jackals (D:2)
  5 kobolds
  2 quokkas
  5 frilled lizards
  5 rats
53 creatures vanquished.

Notes
Turn   | Place    | Note
-------+----------+-------------------------------------------
     0 | D:1      | Chiseanne the Halfling Monk began the quest for the Orb.
     0 | D:1      | Reached XP level 1. HP: 15/15 MP: 1/1
    96 | D:1      | You fall through a shaft!
   274 | D:2      | Reached XP level 2. HP: 20/20 MP: 2/2
   659 | D:2      | Found an iron altar of Okawaru.
   665 | D:2      | Became a worshipper of Warmaster Okawaru
   665 | D:2      | Reached * piety under Okawaru
   665 | D:2      | Reached ** piety under Okawaru
   773 | D:2      | Reached skill level 4 in Dodging
   773 | D:2      | Reached XP level 3. HP: 26/26 MP: 3/3
  1036 | D:2      | Reached XP level 4. HP: 28/31 MP: 4/4
  1103 | D:1      | Reached skill level 1 in Axes
  1171 | D:2      | Noticed Terence
  1304 | D:3      | Reached skill level 1 in Invocations
  1528 | D:3      | Found a sparkling altar of Nemelex Xobeh.
  1589 | D:3      | Reached XP level 5. HP: 36/36 MP: 6/6
  1925 | D:5      | Entered Level 5 of the Dungeon
  1952 | D:5      | Noticed an ogre
  1956 | D:5      | Noticed a sky beast
  1976 | D:5      | Mangled by an ogre

Skill      XL: |  1  2  3  4 |
---------------+-------------+-----
Fighting       | 3 |  3.5
Dodging        | 4 |  4.2
Axes           | 1 |  1.4
Invocations    | 1 |  1.5
Long Blades    | |  3.0
Armour         | |  0.4
Stealth        | |  2.1

Action                   |  1- 3 |  4- 6 || total
-------------------------+-------+-------++-------
Melee: Falchion          |    44 |       ||    44
       Hand axe          |    27 |    74 ||   101
  Use: Scroll            |     2 |     5 ||     7
       Potion            |       |     1 ||     1
 Stab: Sleeping          |     8 |     2 ||    10
       Distracted        |     1 |       ||     1
  Eat: Chunk             |       |     3 ||     3
Armor: Robe              |     6 |     5 ||    11
       Ring mail         |       |     7 ||     7
       Chain mail        |       |     8 ||     8
Dodge: Dodged            |    53 |    52 ||   105
Block: Buckler           |       |     1 ||     1
       Rpst.: Falchion   |    16 |       ||    16
